 Dungeon Crawl Stone Soup version 0.28.0-47-ge53b351184 (webtiles) character file.

Game seed: 3802302157904769839

60808 pkoi the Convoker (level 14, 0/108 HPs)
             Began as a Demigod Summoner on Apr 29, 2022.
             Slain by a two-headed ogre
             ... wielding a +0 giant club
              (13 damage)
             ... on level 1 of the Orcish Mines on Apr 30, 2022.
             The game lasted 01:27:40 (47031 turns).

pkoi the Convoker (Demigod Summoner)               Turns: 47031, Time: 01:27:40

Health: 0/108      AC:  9    Str: 11    XL:     14   Next: 22%
Magic:  6/30       EV: 14    Int: 33    God:
Gold:   1923       SH:  0    Dex: 14    Spells: 4/29 levels left

rFire   + + .      SeeInvis .   A - +5 mace "Uhixzog" {flame, +Blink Str+2}
rCold   + + .      Faith    .   K - orb {light}
rNeg    + . .      Spirit   .   O - +2 robe {rC+ rF+}
rPois   .          Reflect  .   f - +1 helmet
rElec   .          Harm     .   r - scarf {rC+ rF+}
rCorr   .          Rampage  .   p - +0 pair of gloves
Will    +....                   n - +0 pair of boots
Stlth   +.........              (no amulet)
HPRegen 0.28/turn               w - ring of positive energy
MPRegen 0.22/turn               (no ring)

@: glowing, studying Fighting
A: high MP 1, forlorn, divine attributes
a: Evoke Blink


You were on level 1 of the Orcish Mines.
You visited 3 branches of the dungeon, and saw 20 of its levels.
You also visited: Bailey.

You collected 1923 gold pieces.

Inventory:

Hand Weapons
 A - the +5 mace "Uhixzog" (weapon) {flame, +Blink Str+2}
   (You found it on level 7 of the Dungeon)

   It burns those it strikes, dealing additional fire damage.
   Str:       It affects your strength (+2).
   +Blink:    It lets you blink.
 B - a +2 dagger of venom
Missiles
 c - 3 javelins
 h - 40 poisoned darts
 j - a throwing net
 C - 6 curare-tipped darts
Armour
 f - a +1 helmet (worn)
 n - a +0 pair of boots (worn)
 p - a +0 pair of gloves (worn)
 r - a scarf of resistance (worn)
 D - a +2 leather armour of fire resistance
 K - an orb of light (worn)
 O - a +2 robe of resistance (worn)
Jewellery
 w - a ring of positive energy (left hand)
 M - a ring of fire
Wands
 b - a wand of acid (10)
 g - a wand of flame (37)
 i - a wand of iceblast (33)
 G - a wand of polymorph (11)
 J - a wand of mindburst (11)
Scrolls
 a - 2 scrolls of brand weapon
 e - 5 scrolls of enchant weapon
 k - 2 scrolls of silence
 o - 3 scrolls of enchant armour
 q - 8 scrolls of teleportation
 v - 4 scrolls of identify
 x - 3 scrolls of magic mapping
 y - a scroll of blinking
 z - a scroll of amnesia
 I - 3 scrolls of fog
 N - a scroll of fear
 P - a scroll of summoning
Potions
 d - a potion of cancellation
 l - 2 potions of resistance
 m - 2 potions of flight
 s - 5 potions of curing
 t - 7 potions of heal wounds
 u - 3 potions of might
 E - a potion of haste
 F - a potion of magic
 H - a potion of ambrosia
 L - a potion of invisibility


   Skills:
 + Level 5.8 Fighting
 - Level 5.1 Armour
 - Level 4.7 Dodging
 - Level 1.7 Stealth
 + Level 6.9 Unarmed Combat
 + Level 8.1 Spellcasting
 - Level 6.0 Hexes
 + Level 15.7 Summonings
 + Level 3.4 Translocations
 - Level 4.0 Ice Magic
 - Level 8.0 Air Magic
 - Level 3.0 Evocations


You had 4 spell levels left.
You knew the following spells:

 Your Spells              Type           Power      Damage    Failure   Level
a - Summon Guardian Gole  Hex/Summ       71%        N/A       1%          3
b - Call Imp              Summ           87%        N/A       0%          2
c - Call Canine Familiar  Summ           87%        N/A       0%          3
d - Summon Ice Beast      Ice/Summ       68%        N/A       1%          4
e - Summon Lightning Spi  Summ/Air       75%        N/A       1%          4
f - Blink                 Tloc           72%        N/A       1%          2
g - Monstrous Menagerie   Summ           43%        N/A       4%          7

Your spell library contained the following spells:

 Spells                   Type           Power      Damage    Failure   Level
 Summon Small Mammal      Summ           100%       N/A       0%          1
 Confusing Touch          Hex            52%        N/A       1%          3
 Animate Armour           Summ/Erth      100%       N/A       1%          4
 Gell's Gravitas          Tloc           36%        N/A       2%          3
 Lesser Beckoning         Tloc           36%        N/A       2%          3
 Teleport Other           Tloc           36%        N/A       2%          3
 Animate Skeleton         Necr           26%        N/A       3%          1
 Beastly Appendage        Tmut           26%        N/A       3%          1
 Magic Dart               Conj           52%        1d5       3%          1
 Pain                     Necr           52%        1d6       3%          1
 Searing Ray              Conj           26%        2d5       5%          2
 Wereblood                Tmut           13%        N/A       5%          2
 Fulminant Prism          Conj/Hex       16%        3d11      10%         4
 Leda's Liquefaction      Hex/Erth       16%        N/A       10%         4
 Spider Form              Tmut/Pois      13%        N/A       11%         3
 Vampiric Draining        Necr           13%        2d6       11%         3
 Summon Mana Viper        Hex/Summ       71%        N/A       1%          5
 Manifold Assault         Tloc           36%        N/A       22%         5
 Yara's Violent Unravell  Hex/Tmut       16%        3d8       28%         5
 Blade Hands              Tmut           6%         N/A       67%         5
 Iskenderun's Battlesphe  Conj           13%        2d7       67%         5
 Lee's Rapid Deconstruct  Erth           6%         3d7*      67%         5
 Spellforged Servitor     Conj/Summ      30%        N/A       75%         7
 Enfeeble                 Hex            26%        N/A       94%         7
 Iron Shot                Conj/Erth      6%         9d2       99%         6
 Statue Form              Tmut/Erth      8%         N/A       99%         6


Dungeon Overview and Level Annotations

Branches:
Dungeon (12/15)            Temple (0/1) D:7            Lair (6/6) D:11
  Swamp (0/4) Lair:2        Snake (0/4) Lair:4        Slime (0/5) Lair:5
    Orc (2/2) D:9          Bailey (visited)
    Elf: Orc:2

Shops:
D:9 :*(*

Annotations:
D:4 Pikel, Sigmund
D:9 3 runed translucent doors, Kazon's ghost, novice DgFi
Lair:1 exclusion: oklob plant
Lair:5 1 runed translucent door
Orc:1 1 runed translucent door, Atherized's ghost, journeyman MiBe


Innate Abilities, Weirdness & Mutations

You have an increased reservoir of magic. (+10% MP)
You shall have no god before yourself.
Your divine heritage dramatically boosts your attributes as you level up.


Message History

Your warg's corpse disappears in a puff of smoke!
Unknown command.
Your manticore is engulfed in blazing flames.
A two-headed ogre comes into view. It is wielding two +0 giant clubs.
Your manticore is engulfed in blazing flames.
You thump the orc! You burn the orc.
You kill the orc!
Your manticore is engulfed in blazing flames.
Your manticore dies!
Your manticore's corpse disappears in a puff of smoke!
Unknown command.
An orc warrior comes into view. It is wielding a +0 short sword.
An orc warrior comes into view. It is wielding a +0 mace.
The two-headed ogre hits you with a +0 giant club!
* * * LOW HITPOINT WARNING * * *
The two-headed ogre hits you with a +0 giant club!
* * * LOW HITPOINT WARNING * * *
Unknown command.
The orc warrior closely misses your ice beast.
Casting: Summon Lightning Spire (safe; 1% risk of failure)
Confirm with . or Enter, or press ? or * to list all spells.
A guardian golem appears, shielding your allies.
The two-headed ogre closely misses you.
The two-headed ogre hits you with a +0 giant club!
* * * LOW HITPOINT WARNING * * *
Unknown command.
Casting: Summon Guardian Golem (safe; 1% risk of failure)
Confirm with . or Enter, or press ? or * to list all spells.
You don't have enough magic to cast this spell.
Unknown command.
An orc comes into view. It is wielding a +0 flail.
The orc shouts!
There is a stone staircase leading up here.
You climb upwards.
Level annotation: 1 runed translucent door, Atherized's ghost, journeyman MiBe
There is a stone staircase leading down here.
The two-headed ogre hits you with a +0 giant club!!
* * * LOW HITPOINT WARNING * * *
The two-headed ogre hits you with a +0 giant club!
You die...

###.......####.........##
####....)....#...........#
##......[<)..##..........##
#........)[[..#...........###
###........[........#.......#
#####.....##..[........##.......
##.#.......####.......#####......
.........######..[>...###.##.....
.....##....#....@O....#.#.#......
.#...#.#...#.....##....##........
###.##.#.........###..........##.
######.......#..###........##..
##.....##.###...###...#...
#....######...##⌠##......
##..##.##^...##...##.....
##.#.##....##..?..##....
##.###....#⌠.!♣?.⌠#....


You could see a two-headed ogre.

Vanquished Creatures
  2 elephants
  A black mamba (Lair:5)
  A cane toad (Lair:4)
  A hornet (D:11)
  2 blink frogs (Lair:6)
  2 yaks
  A wraith (D:9)
  A steam dragon (D:8)
  A warg (D:11)
  A water moccasin (Lair:5)
  An orc warrior (D:10)
  A black bear (D:4)
  An ice beast (D:7)
  An ogre (Orc:1)
  A sky beast (D:6)
  2 necrophages (D:10)
  A wolf (Lair:2)
  3 bullfrogs
  A scorpion (D:4)
  A water moccasin skeleton (D:6)
  Dowan (D:7)
  2 killer bees
  A vampire bat (Bailey)
  A nameless horror (D:8)
  2 electric eels (Lair:6)
  3 centaur zombies
  A jelly (D:4)
  2 orc priests (D:4)
  A centaur skeleton (D:7)
  A bullfrog skeleton (D:5)
  An iguana (D:5)
  2 orc wizards
  A mummy (D:10)
  3 gnolls
  An adder (D:4)
  A shadow imp (D:5)
  An adder skeleton (D:4)
  A worm (D:2)
  A dart slug (D:3)
  18 orcs
  5 endoplasms
  A giant cockroach (D:3)
  10 goblins
  5 hobgoblins
  6 kobolds
  3 quokkas
  9 ball pythons
  4 bats
  2 frilled lizards (D:1)
  14 orc zombies (Bailey)
  5 rats
135 creatures vanquished.

Vanquished Creatures (collateral kills)
  Josephine (D:12)
  8 hydras
  3 catoblepae (Lair:6)
  Erica (D:10)
  6 death yaks
  3 two-headed ogres
  Sonja (D:11)
  Nergalle (D:11)
  2 orc knights (Orc:1)
  An orc sorcerer (Orc:1)
  3 cyclopes
  A centaur zombie (D:10)
  3 manticores
  2 black mambas
  5 elephants
  A gargoyle (D:9)
  11 cane toads
  Psyche (D:12)
  3 rime drakes
  10 komodo dragons
  A queen bee (D:8)
  A tyrant leech (Lair:2)
  4 polar bears
  2 hornets
  Prince Ribbit (D:6)
  2 trolls
  13 blink frogs
  3 slime creatures (D:12)
  2 vampires (Bailey)
  4 wraiths (D:12)
  3 wyverns
  32 yaks
  2 steam dragons (D:7)
  A chaos spawn (D:10)
  3 wargs
  3 nagas (Lair:4)
  21 water moccasins
  24 orc warriors
  An ice beast (D:5)
  A black bear (Lair:2)
  4 necrophages
  9 wolves
  4 ogres
  A phantom (D:7)
  A centaur (D:9)
  2 kobold brigands (D:8)
  A lemure (D:4)
  6 bullfrogs
  A scorpion (D:4)
  A wyvern zombie (D:9)
  11 wights (D:10)
  12 killer bees
  4 wolf zombies (Bailey)
  3 howler monkeys
  7 vampire bats (Bailey)
  Crazy Yiuf (D:7)
  12 orc priests
  3 hounds
  11 iguanas
  13 orc wizards
  A howler monkey zombie (D:6)
  11 gnolls
  4 adders
  A shadow imp (D:8)
  2 dart slugs (D:4)
  44 orcs
  A ball python (D:1)
  A bat (D:1)
  2 endoplasms (D:1)
  A giant cockroach (D:3)
  5 goblins
  A hobgoblin (D:4)
  6 kobolds (D:8)
  A quokka (D:1)
  8 frilled lizards
  5 orc zombies (Bailey)
  A butterfly (Lair:3)
393 creatures vanquished.

Vanquished Creatures (others)
  A catoblepas (Lair:6)
  A two-headed ogre (D:9)
  A death yak (Lair:6)
  3 elephants (Lair:4)
  A gargoyle (Bailey)
  A cane toad (Lair:4)
  A komodo dragon (Lair:1)
  A troll (D:10)
  A blink frog (Lair:6)
  10 yaks
  2 chaos spawn (D:10)
  Duvessa (D:7)
  2 nagas (Lair:4)
  3 orc warriors
  An ogre (D:7)
  A gnoll sergeant (D:5)
  A wyvern zombie (D:6)
  7 killer bees
  3 wolf zombies (Bailey)
  2 orc wizards
  3 gnolls
  An orc zombie (Bailey)
  2 orcs
  2 kobolds (D:8)
  3 bushes (D:10)
  51 fungi
  97 plants
  10 toadstools (Lair:1)
  2 withered plants (D:10)
215 creatures vanquished.

Grand Total: 743 creatures vanquished

Notes
Turn   | Place    | Note
-------+----------+-------------------------------------------
     0 | D:1      | pkoi the Demigod Summoner began the quest for the Orb.
     0 | D:1      | Reached XP level 1. HP: 14/14 MP: 5/5
    35 | D:1      | You fall into a shaft and drop 1 floor!
  1167 | D:1      | Reached XP level 2. HP: 22/22 MP: 7/7
  1316 | D:1      | Reached skill level 1 in Fighting
  2187 | D:1      | Reached skill level 4 in Summonings
  2271 | D:1      | Reached XP level 3. HP: 28/28 MP: 9/9
  2583 | D:2      | Learned a level 2 spell: Call Imp
  2587 | D:2      | Learned a level 3 spell: Call Canine Familiar
  4619 | D:3      | Reached XP level 4. HP: 12/36 MP: 6/10
  6253 | D:4      | Reached XP level 5. HP: 42/42 MP: 7/12
  6392 | D:4      | Learned a level 3 spell: Summon Guardian Golem
  6617 | D:4      | Reached skill level 5 in Summonings
  7160 | D:4      | Noticed Sigmund
  7587 | D:4      | Reached XP level 6. HP: 46/51 MP: 7/13
  7797 | D:4      | Noticed Pikel
  8335 | D:5      | Entered Level 5 of the Dungeon
  8366 | D:4      | Reached skill level 6 in Summonings
  8699 | D:4      | Reached XP level 7. HP: 27/57 MP: 6/14
  8863 | D:4      | Reached skill level 7 in Summonings
  9686 | D:5      | Reached skill level 8 in Summonings
 10666 | D:6      | Reached XP level 8. HP: 63/63 MP: 11/15
 10797 | D:6      | Reached skill level 9 in Summonings
 10900 | D:6      | Learned a level 4 spell: Summon Lightning Spire
 11105 | D:6      | Reached skill level 1 in Hexes
 11105 | D:6      | Reached skill level 1 in Air Magic
 11201 | D:6      | Reached skill level 1 in Unarmed Combat
 12986 | D:6      | Noticed Prince Ribbit
 13000 | D:6      | Killed Prince Ribbit
 13217 | D:7      | Noticed Duvessa
 13219 | D:7      | Noticed Dowan
 13246 | D:7      | Killed Dowan
 13247 | D:7      | Reached XP level 9. HP: 31/69 MP: 6/16
 13263 | D:7      | Killed Duvessa
 13749 | D:7      | Reached skill level 10 in Summonings
 14754 | D:7      | Found a staircase to the Ecumenical Temple.
 14800 | D:7      | Found a runed translucent door.
 14801 | D:7      | Noticed Crazy Yiuf
 14802 | D:7      | Identified the +5 mace "Uhixzog" {flame, +Blink Str+2}
 14913 | D:7      | Killed Crazy Yiuf
 15769 | D:8      | Found a flagged portal.
 15791 | Bailey   | Entered a bailey
 15848 | Bailey   | Learned a level 2 spell: Blink
 16166 | Bailey   | Noticed a gargoyle
 16176 | Bailey   | Killed a gargoyle
 17188 | Bailey   | Reached skill level 1 in Armour
 17188 | Bailey   | Reached skill level 1 in Translocations
 17712 | Bailey   | Reached XP level 10. HP: 74/77 MP: 6/17
 19827 | D:8      | Reached skill level 5 in Hexes
 19830 | D:8      | Reached skill level 5 in Air Magic
 19830 | D:8      | Reached skill level 1 in Evocations
 19926 | D:9      | Noticed a two-headed ogre
 19980 | D:9      | Noticed a two-headed ogre
 19981 | D:9      | Found Morismur's Antique Weapon Boutique.
 19997 | D:9      | Killed a two-headed ogre
 20610 | D:9      | Found a staircase to the Orcish Mines.
 21254 | D:9      | Reached skill level 11 in Summonings
 21464 | D:9      | Killed a two-headed ogre
 21778 | D:9      | Found a runed translucent gate.
 21778 | D:9      | Found a runed translucent gate.
 21778 | D:9      | Found a runed translucent gate.
 21779 | D:9      | Noticed Kazon's ghost (novice DgFi)
 22148 | D:9      | Noticed a cyclops
 22156 | D:9      | Killed a cyclops
 22305 | D:9      | Found Jixuw's General Store.
 22305 | D:9      | Found Gempipt's Book Boutique.
 22307 | D:9      | Found Hoalovam's General Store.
 22569 | D:10     | Entered Level 10 of the Dungeon
 22583 | D:9      | Reached XP level 11. HP: 65/82 MP: 13/19
 24307 | D:10     | Noticed Erica
 24320 | D:10     | Killed Erica
 25427 | D:10     | Found the +7 mace of Variability {chain chaos}
 25683 | D:11     | Noticed Nergalle
 25691 | D:11     | Killed Nergalle
 26546 | D:11     | Noticed an eight-headed hydra
 26558 | D:11     | Killed an eight-headed hydra
 27178 | D:11     | Found a staircase to the Lair.
 27217 | D:11     | Noticed Sonja
 27236 | D:11     | Killed Sonja
 27237 | D:11     | Reached skill level 5 in Armour
 27598 | D:11     | Noticed a two-headed ogre
 27606 | D:11     | Killed a two-headed ogre
 28178 | D:11     | Learned a level 4 spell: Summon Ice Beast
 28241 | Lair:1   | Entered Level 1 of the Lair of Beasts
 29222 | Lair:1   | Reached skill level 1 in Ice Magic
 29770 | Lair:1   | Reached XP level 12. HP: 92/92 MP: 11/22
 30237 | Lair:1   | Reached skill level 5 in Unarmed Combat
 30448 | Lair:1   | Noticed a six-headed hydra
 30455 | Lair:1   | Killed a six-headed hydra
 30742 | Lair:1   | Reached skill level 5 in Spellcasting
 32170 | Lair:2   | Reached skill level 12 in Summonings
 33216 | Lair:2   | Found a staircase to the Swamp.
 34301 | Lair:3   | Noticed a seven-headed hydra
 34308 | Lair:3   | Killed a seven-headed hydra
 34919 | Lair:4   | Noticed a five-headed hydra
 34926 | Lair:4   | Killed a five-headed hydra
 35354 | Lair:4   | Noticed a seven-headed hydra
 35363 | Lair:4   | Killed a seven-headed hydra
 35765 | Lair:4   | Reached skill level 5 in Fighting
 36501 | Lair:4   | Found a staircase to the Snake Pit.
 36547 | Lair:4   | Noticed a five-headed hydra
 36557 | Lair:4   | Killed a five-headed hydra
 36766 | Lair:4   | Reached XP level 13. HP: 100/100 MP: 15/26
 37497 | Lair:5   | Learned a level 7 spell: Monstrous Menagerie
 37665 | Lair:5   | Found a runed translucent door.
 37741 | Lair:5   | Found a staircase to the Slime Pits.
 37741 | Lair:5   | Noticed an acid blob
 37842 | Lair:5   | Reached skill level 13 in Summonings
 39834 | Lair:6   | Entered Level 6 of the Lair of Beasts
 40160 | Lair:6   | Reached skill level 14 in Summonings
 42060 | Lair:6   | Identified the +1 ring mail of Ashenzari's Approval {Harm
                  | Rampage *Slow Str+3}
 42265 | Lair:6   | Reached skill level 15 in Summonings
 44121 | D:12     | Reached XP level 14. HP: 76/107 MP: 14/29
 44345 | D:12     | Noticed Psyche
 44399 | D:12     | Killed Psyche
 44541 | D:12     | Noticed Josephine
 44553 | D:12     | Killed Josephine
 45707 | Orc:1    | Entered Level 1 of the Orcish Mines
 46203 | Orc:1    | Found a runed translucent door.
 46203 | Orc:1    | Noticed Atherized's ghost (journeyman MiBe)
 46987 | Orc:2    | Entered Level 2 of the Orcish Mines
 47031 | Orc:1    | Slain by a two-headed ogre

Illustrated notes

Levels and vault maps discovered:
D:1:      dpeg_arrival_three_bigger_balls, layout_loops_ring,
          hellmonk_ecumenical_altar_inner_sanctum, minmay_shallow_snake_nest
D:2:      layout_loops_ring, minmay_crystal_room, guppyfry_early_lair_pool
D:3:      layout_loops_ring, grunt_ministairs_14, minmay_increasing_density
D:4:      layout_cave_pods, tso_oasis_becter, minmay_misc_feat_ornament,
          minmay_misc_feat_tower, kennysheep_decorative_pillar,
          roderic_lattice_a, uniq_sigmund, uniq_pikel
D:5:      layout_cave_pools, hangedman_abyss_or_decor_passed
D:6:      layout_basic, kennysheep_mini, minmay_lizard_king, uniq_prince_ribbit1
D:7:      layout_loops_ring, minmay_temple_entry_purple_smoke,
          uniq_crazy_yiuf_cottage, uniq_duvessa
D:8:      layout_cave_pools, overflow_temple_1_default,
          nicolae_overflow_hidden_temple, mainiacjoe_overflow_six_doors_small,
          enter_bailey_5, nicolae_looking_at_the_future
D:9:      layout_rooms, gammafunk_temple_overflow_claw, orc_0_dummy,
          gammafunk_ghost_ooze, minmay_shop_grid_forest, library_closet,
          kennysheep_generic_room_10
D:10:     layout_cave_pods, mainiacjoe_overflow_boulevard, serial_undead,
          serial_undead_e, serial_undead_a, serial_undead_a, serial_undead_e,
          minmay_guarded_unrand_variability, uniq_erica
D:11:     layout_basic, erik_lair_orcish_takeover, xom_redecorated,
          uniq_nergalle, uniq_sonja
D:12:     layout_basic, uniq_psyche, uniq_josephine
Lair:1:   beast_lair_carwin_large_3, layout_layer_cave,
          chequers_serial_rivers_large_b, minivault_23, tgw_fedhas
Lair:2:   layout_regular_city, minmay_swamp_entry_worms
Lair:3:   layout_gridlike, lemuel_fruit_fields
Lair:4:   layout_regular_city, minmay_snake_entry_guardpost_medium,
          beast_lair_carwin_9
Lair:5:   layout_cave_pods, slime_altar_2, serial_bayou_pond_a
Lair:6:   evilmike_catoblepas_cave, layout_cave_shapes, grunt_megastairs_3,
          serial_bayou_shore_a, lemuel_fruit_tree, infiniplex_staircase_pool_2
Orc:1:    cheibrodos_orc_arena, layout_diamond_mine,
          hellmonk_ghost_happy_afterlife, mines1_david
Orc:2:    st_orc_pillars, layout_caves

Skill      XL: |  1  2  3  4  5  6  7  8  9 10 11 12 13 14 |
---------------+-------------------------------------------+-----
Spellcasting   | 2 3 4 6 7 8 |  8.1
Fighting       | 1 2 3 4 5 |  5.8
Summonings     | 4 5 6 8 9 10 11 12 15 | 15.7
Hexes          | 2 4 5 6 |  6.0
Air Magic      | 2 4 5 7 8 |  8.0
Unarmed Combat | 2 4 6 |  6.9
Dodging        | 2 3 4 |  4.7
Armour         | 1 3 5 |  5.1
Translocations | 1 3 |  3.4
Evocations     | 2 3 |  3.0
Ice Magic      | 1 4 |  4.0
Stealth        | |  1.7

Action                   |  1- 3 |  4- 6 |  7- 9 | 10-12 | 13-15 || total
-------------------------+-------+-------+-------+-------+-------++-------
Melee: Whip              |    28 |       |       |       |       ||    28
       Dagger            |    41 |       |       |       |       ||    41
       Unarmed           |     6 |       |       |       |       ||     6
       Punch             |     3 |     3 |     5 |     8 |     4 ||    23
       Short sword       |    79 |    83 |    44 |       |       ||   206
       Spear             |       |       |    91 |       |       ||    91
       Mace              |       |       |    61 |   184 |   103 ||   348
 Cast: Summon Small Mamm |    22 |     1 |       |       |       ||    23
       Call Imp          |     7 |    14 |    10 |    17 |     1 ||    49
       Call Canine Famil |       |    15 |    45 |    69 |    40 ||   169
       Summon Guardian G |       |     8 |    47 |    75 |    35 ||   165
       Summon Lightning  |       |       |     7 |    92 |    62 ||   161
       Summon Ice Beast  |       |       |       |    51 |    50 ||   101
       Monstrous Menager |       |       |       |       |    16 ||    16
Evoke: Wand              |       |       |     1 |       |     2 ||     3
  Use: Scroll            |       |     6 |     7 |     6 |     4 ||    23
       Potion            |       |     4 |     2 |       |       ||     6
 Stab: Sleeping          |     7 |       |     1 |       |       ||     8
       Distracted        |       |       |     2 |       |     4 ||     6
Armor: Robe              |    51 |    43 |    31 |       |     8 ||   133
       Steam dragon scal |       |       |    43 |     1 |       ||    44
       Leather armour    |       |       |       |   117 |    37 ||   154
Dodge: Dodged            |   111 |    72 |   179 |   210 |   104 ||   676
